 Dungeon Crawl Stone Soup version 0.21.1-1-g345015fe64 (webtiles) character file.

328 Gargoyl the Skirmisher (level 6, -1/52 HPs)
             Began as a Centaur Abyssal Knight on June 30, 2018.
             Was a Believer of Lugonu.
             Shot with an arrow by a centaur (3 damage)
             ... on level 5 of the Dungeon.
             The game lasted 00:07:05 (4765 turns).

Gargoyl the Skirmisher (Centaur Abyssal Knight)     Turns: 4765, Time: 00:07:06

Health: -1/52      AC:  9    Str: 15    XL:     6   Next: 25%
Magic:  8/8        EV:  4    Int: 11    God:    Lugonu [**....]
Gold:   212        SH:  0    Dex: 10    Spells: 5/5 levels left

rFire    . . .     SeeInvis .   a - +2 hand axe
rCold    + . .     Gourm    .   (no shield)
rNeg     . . .     Faith    .   i - +0 chain mail
rPois    .         Spirit   .   (no helmet)
rElec    .         Reflect  .   (no cloak)
rCorr    .         Harm     .   e - +0 pair of gloves
MR       .....                  (no barding)
Stlth    ..........             (no amulet)
HPRegen  0.17/turn              l - ring of protection from cold
MPRegen  0.11/turn              (no ring)

@: very quick
A: large, hooves 3, deformed body, speed 2, tough skin 3
a: Depart the Abyss, Bend Space, Renounce Religion


You were on level 5 of the Dungeon.
You worshipped Lugonu.
Lugonu was pleased with you.
You were near starving.

You visited 1 branch of the dungeon, and saw 5 of its levels.
You visited the Abyss 1 time.

You collected 212 gold pieces.

Inventory:

Hand Weapons
 a - a +2 hand axe (weapon)
 k - a +0 war axe
Armour
 e - a +0 pair of gloves (worn)
 h - a +0 helmet
 i - a +0 chain mail (worn)
Jewellery
 l - a ring of protection from cold (left hand)
Scrolls
 b - 2 scrolls of identify
 d - a scroll of blinking
 f - a scroll of teleportation
 g - 3 scrolls of fear {unknown}
 j - 3 scrolls of remove curse
Comestibles
 c - 10 rations


   Skills:
 + Level 4.1 Fighting
 + Level 3.1 Axes
 * Level 3.2 Armour
 + Level 1.0 Dodging
 * Level 3.3 Invocations


You had 5 spell levels left.
You didn't know any spells.

Dungeon Overview and Level Annotations

Branches:
Dungeon (5/15)
 Temple: D:4-7

Altars:
Sif Muna

Annotations:
D:5 Dowan; Duvessa; Tanis's ghost, amateur GnWn


Innate Abilities, Weirdness & Mutations

You have hooves in place of feet.
Armour fits poorly on your strangely shaped body.
You cover ground very quickly.
You have extremely tough skin. (AC +3)


Message History

You closely miss the orc priest. You hit the orc. You hit the hound.
Your chain mail prevents you from hitting the crimson imp.
You slash the orc!
You kill the orc!
Lugonu accepts your kill. The hound bites you but does no damage.
The hound bites you.
* * * LOW HITPOINT WARNING * * *
The crimson imp barely misses you. The orc hits you but does no damage.
The orc priest barely misses you.
The crimson imp hits you but does no damage.
The orc priest hits you but does no damage.
Found 6 gold pieces.
Things that are here:
a whip; an orc corpse The orc priest begins to cast a cantrip, but forgets the words!
The hound bites you but does no damage.
A centaur comes into view.
The centaur shouts!
The centaur wields a shortbow.
The centaur shoots an arrow.
The arrow hits you.
You die...

(.....# .# ..#.. #.#
..#.#.... # ....#..#..
#$#...$c.##..## p.
#.#....#.##e..# ...
##.........#.#.# #...
##...@## #....#.##...#
#......###.#..#.#.....
#....#...h##.#..#...#.$.
###.##.....5........#..#
#........Oo............
#####...#o<.!..........
#####............##
#........>...#
##.###...##.##


You could see an ogre, a centaur, a hound, an orc priest, a crimson imp and an
orc.

Vanquished Creatures
  A hound (D:4)
  Natasha (thrice) (D:3)
  A worker ant (D:4)
  3 gnolls (D:3)
  8 adders
  A river rat (D:3)
  2 worms
  2 dart slugs
  3 leopard geckos
  7 orcs
  8 bats
  3 giant cockroaches (D:3)
  7 goblins
  7 hobgoblins
  2 jackals (D:2)
  5 kobolds
  A quokka (D:3)
  5 frilled lizards
  A quokka skeleton (D:4)
  11 rats
81 creatures vanquished.

Notes
Turn   | Place    | Note
-------+----------+-------------------------------------------
     0 | Abyss:1  | Gargoyl the Centaur Abyssal Knight began the quest for the Orb.
     0 | Abyss:1  | Reached XP level 1. HP: 19/19 MP: 2/2
    73 | Abyss:2  | Found a blossoming altar of Fedhas.
   112 | Abyss:2  | Noticed a small abomination
   127 | Abyss:2  | Noticed a tentacled starspawn
   129 | Abyss:2  | Noticed a smoke demon
   131 | D:1      | Escaped the Abyss
   340 | D:1      | Reached XP level 2. HP: 26/26 MP: 3/3
  1086 | D:2      | Reached * piety under Lugonu
  1098 | D:2      | Reached XP level 3. HP: 22/31 MP: 4/4
  1756 | D:2      | Reached XP level 4. HP: 33/38 MP: 6/6
  2208 | D:3      | Noticed Natasha
  2221 | D:3      | Killed Natasha
  2261 | D:3      | Noticed Natasha
  2272 | D:3      | Killed Natasha
  2272 | D:3      | Reached XP level 5. HP: 7/45 MP: 7/7
  2673 | D:3      | Reached ** piety under Lugonu
  2834 | D:3      | Noticed Natasha
  2852 | D:3      | Killed Natasha
  3389 | D:3      | Reached skill level 4 in Fighting
  3721 | D:4      | Reached skill level 1 in Dodging
  3721 | D:4      | Reached XP level 6. HP: 51/52 MP: 8/8
  3880 | D:4      | Found a deep blue altar of Sif Muna.
  4507 | D:5      | Entered Level 5 of the Dungeon
  4746 | D:5      | Noticed Tanis's ghost (amateur GnWn)
  4748 | D:5      | Noticed Dowan
  4752 | D:5      | Noticed a slave
  4752 | D:5      | Noticed Duvessa
  4760 | D:5      | HP: 1/52 [hound (2)]
  4765 | D:5      | Shot with an arrow by a centaur

Skill      XL: |  1  2  3  4  5 |
---------------+----------------+-----
Armour         | 2 3 |  3.2
Axes           | 2 3 |  3.1
Invocations    | 3 |  3.3
Fighting       | 4 |  4.1
Dodging        | 1 |  1.0

Action                   |  1- 3 |  4- 6 || total
-------------------------+-------+-------++-------
Melee: Hand axe          |    86 |   148 ||   234
       Kick              |    10 |    27 ||    37
Invok: Depart the Abyss  |     1 |       ||     1
  Use: Scroll            |     4 |     3 ||     7
       Potion            |     3 |     2 ||     5
  Eat: Chunk             |     1 |     7 ||     8
Armor: Leather armour    |    14 |       ||    14
       Chain mail        |    51 |   121 ||   172
Dodge: Dodged            |    39 |    33 ||    72
